 Dungeon Crawl Stone Soup version 0.21-a0-111-g52d2817 (webtiles) character file.

1516 Ijustatesigmund the Grappler (level 8, 71/71 HPs)
             Began as a Troll Monk on July 11, 2017.
             Was a Believer of Cheibriados.
             Quit the game on level 6 of the Dungeon.
             The game lasted 00:11:18 (3860 turns).

Ijustatesigmund the Grappler (Troll Monk)           Turns: 3860, Time: 00:11:18

Health: 71/71      AC:  7    Str: 26    XL:     8   Next: 54%
Magic:  9/9        EV: 11    Int: 12    God:    Cheibriados [**....]
Gold:   213        SH:  0    Dex: 20    Spells: 7/7 levels left

rFire    . . .     SeeInvis .     - Unarmed
rCold    . . .     Gourm    +   (no shield)
rNeg     . . .     Faith    .   a - +0 robe
rPois    +         Spirit   .   (helmet restricted)
rElec    +         Reflect  .   r - +1 cloak {+Inv}
rCorr    .         Harm     .   (gloves unavailable)
MR       .....                  (boots unavailable)
Stlth    ++........             (no amulet)
HPRegen  0.61/turn              e - ring of poison resistance
MPRegen  0.11/turn              (no ring)

@: very slow
A: unfitting armour, claws 3, fast metabolism 3, frail 1, gourmand, regeneration
1, screaming 1, shaggy fur 1, electricity resistance, tough skin 2
a: Bend Time, Renounce Religion, Evoke Invisibility


You were on level 6 of the Dungeon.
You worshipped Cheibriados.
Cheibriados was pleased with you.
You were completely stuffed.

You visited 2 branches of the dungeon, and saw 9 of its levels.

You collected 213 gold pieces.

Inventory:

Missiles
 i - 3 javelins (quivered)
Armour
 a - a +0 robe (worn)
 r - a +1 cloak of invisibility (worn)
Jewellery
 e - a ring of poison resistance (left claw)
Scrolls
 c - a scroll of remove curse
 d - a scroll of magic mapping
Potions
 h - a potion of brilliance
 k - a potion of flight {unknown}
 l - 3 potions of cancellation {unknown}
 n - a potion of agility
 o - a potion of haste {unknown}
 p - a potion of lignification {unknown}
Comestibles
 b - 6 bread rations
 f - a meat ration
 g - 4 royal jellies
 m - 5 fruits
 q - 3 chunks of flesh


   Skills:
 + Level 4.5 Fighting
 - Level 2.4 Dodging
 - Level 1.0 Stealth
 + Level 9.2 Unarmed Combat
 + Level 3.6 Invocations


You had 7 spell levels left.
You didn't know any spells.

Dungeon Overview and Level Annotations

Branches:
Dungeon (8/15)             Temple (1/1) D:5
   Lair: D:8-11

Altars:
Cheibriados
Elyvilon
Fedhas
Gozag
Hepliaklqana
Makhleb
Nemelex Xobeh
Uskayaw

Shops:
D:4 }}


Innate Abilities, Weirdness & Mutations

You are too large for most types of armour.
You have claws for hands.
Your metabolism is lightning-fast.
You like to eat raw meat.
Your natural rate of healing is unusually fast.
You are covered in fur. (AC +1)
You have very tough skin. (AC +2)
You are frail. (-10% HP)
You occasionally shout uncontrollably at your foes.
You are resistant to electric shocks. (rElec)


Message History

A centaur zombie comes into view.
No target in view!
No target in view!
No target in view!
No target in view!
No target in view!
No target in view!
No target in view!
No target in view!
No target in view!
No target in view!
No target in view!
No target in view!
No target in view!
No target in view!
No target in view!
No target in view!
Found an escape hatch in the floor.
No target in view!
Are you sure you want to abandon this character and quit the game? (Confirm with "yes".)

P§§.# P... P#.#
§.# # # §.#.#
#.##.#.# #.>....#
#@# .. #.## ..#
##..## #.# #..P.#
#.# #....### #.# #
#P.....####.####.#
#...P............#
... ####
#######........##
...#####.[
#..##.#..#


There were no monsters in sight!

Vanquished Creatures
  Pikel (D:5)
  The ghost of Gorglomux the Chopper, an amateur HOCK of Xom (D:4)
  Edmund (D:5)
  2 slaves (D:5)
  A centaur (D:5)
  A bullfrog (D:7)
  2 crimson imps (D:5)
  2 hounds
  An orc priest (D:3)
  A centaur skeleton (D:3)
  2 orc wizards
  Jessica (D:2)
  An iguana (D:4)
  A worker ant (D:4)
  A worker ant zombie (D:6)
  Robin (D:2)
  3 gnolls (D:2)
  A howler monkey skeleton (D:5)
  6 adders
  A shadow imp (D:5)
  2 oozes
  2 adder zombies (D:6)
  2 worms (D:2)
  A dart slug (D:1)
  7 leopard geckos
  3 orcs
  2 giant cockroaches (D:1)
  12 goblins
  6 hobgoblins
  5 jackals
  2 quokkas
  A ball python (D:2)
  7 bats
  5 frilled lizards
  A jackal skeleton (D:6)
  6 kobolds
  A leopard gecko zombie (D:6)
  2 quokka skeletons
  9 rats
107 creatures vanquished.

Vanquished Creatures (others)
  A shadow imp (D:5)
1 creature vanquished.

Grand Total: 108 creatures vanquished

Notes
Turn   | Place    | Note
-------+----------+-------------------------------------------
     0 | D:1      | Ijustatesigmund the Troll Monk began the quest for the Orb.
     0 | D:1      | Reached XP level 1. HP: 22/22 MP: 0/0
   104 | D:1      | Reached XP level 2. HP: 29/29 MP: 1/1
   526 | D:2      | Noticed Jessica
   533 | D:2      | Killed Jessica
   533 | D:2      | Reached skill level 4 in Unarmed Combat
   533 | D:2      | Reached XP level 3. HP: 36/36 MP: 2/2
   641 | D:2      | Reached skill level 5 in Unarmed Combat
   641 | D:2      | Reached XP level 4. HP: 38/44 MP: 3/3
   662 | D:2      | Noticed Robin
   695 | D:2      | Killed Robin
  1163 | D:2      | Reached XP level 5. HP: 40/50 MP: 4/4
  1352 | D:3      | Reached skill level 6 in Unarmed Combat
  1768 | D:3      | Reached XP level 6. HP: 59/59 MP: 5/5
  2081 | D:4      | Noticed Gorglomux's ghost (amateur HOCK)
  2110 | D:4      | Killed Gorglomux's ghost
  2110 | D:4      | Reached skill level 7 in Unarmed Combat
  2313 | D:4      | Reached skill level 8 in Unarmed Combat
  2313 | D:4      | Reached XP level 7. HP: 55/66 MP: 6/6
  2324 | D:4      | Found Vahay's Gadget Boutique.
  2405 | D:4      | Found Cean's Gadget Emporium.
  2806 | D:5      | Entered Level 5 of the Dungeon
  3021 | D:5      | Found a staircase to the Ecumenical Temple.
  3027 | Temple   | Entered the Ecumenical Temple
  3044 | Temple   | Became a worshipper of Cheibriados the Contemplative
  3044 | Temple   | Reached * piety under Cheibriados
  3044 | Temple   | Reached ** piety under Cheibriados
  3073 | D:5      | Noticed Pikel
  3206 | D:5      | Killed Pikel
  3206 | D:5      | Reached XP level 8. HP: 78/78 MP: 6/8
  3304 | D:5      | Noticed Edmund
  3310 | D:5      | Killed Edmund
  3387 | D:5      | Reached skill level 9 in Unarmed Combat
  3818 | D:6      | Identified a scroll of acquirement
  3851 | D:6      | Gained mutation: Your system is resistant to poisons. (rPois) [potion of mutation]
  3851 | D:6      | Gained mutation: You are dopey. (Int -2) [potion of mutation]
  3851 | D:6      | Gained mutation: Your spells are a little harder to cast, but a little more powerful. [potion of mutation]
  3851 | D:6      | Gained mutation: Your flesh is cold resistant. (rC+) [potion of mutation]
  3852 | D:6      | Lost mutation: Your spells are a little harder to cast, but a little more powerful. [potion of mutation]
  3852 | D:6      | Lost mutation: Your flesh is cold resistant. (rC+) [potion of mutation]
  3852 | D:6      | Lost mutation: Your system is resistant to poisons. (rPois) [potion of mutation]
  3852 | D:6      | Lost mutation: You are dopey. (Int -2) [potion of mutation]
  3852 | D:6      | Gained mutation: You are frail. (-10% HP) [potion of mutation]
  3852 | D:6      | Gained mutation: You occasionally shout uncontrollably at your foes. [potion of mutation]
  3852 | D:6      | Gained mutation: You are resistant to electric shocks. (rElec) [potion of mutation]
  3860 | D:6      | Quit the game

Vault maps used:
D:1:      mrwooster_arrival_statue_3, st_stairs_6, minmay_liquid_box
D:2:      uniq_robin, uniq_jessica
D:3:      first_bread
D:4:      wad_lake_hut, serial_shops, shop_fountains, shop
D:5:      temple_green, uniq_pikel, uniq_edmund
D:6:      serial_undead, serial_undead_b, serial_undead_d, serial_undead_a,
          serial_undead_e, serial_undead_d, serial_undead_a, serial_undead_d,
          serial_undead_a, serial_undead_b, serial_undead_b, uniq_menkaure,
          uniq_blork_the_orc
D:8:      lemuel_mausoleum_altar_kikubaaqudgha, lemuel_coloured_pillars_altar,
          special_room, uniq_prince_ribbit1
Temple:   regret_index_temple_chain_breaker

Skill      XL: |  1  2  3  4  5  6  7  8 |
---------------+-------------------------+-----
Unarmed Combat | 4 5 6 8 9 |  9.2
Fighting       | 3 4 |  4.5
Invocations    | 2 3 |  3.6
Dodging        | |  2.4
Stealth        | |  1.0

Action                   |  1- 3 |  4- 6 |  7- 9 || total
-------------------------+-------+-------+-------++-------
Melee: Unarmed           |    56 |   115 |    81 ||   252
       Punch             |     1 |     5 |     4 ||    10
Throw: Javelin           |       |     3 |     1 ||     4
  Use: Scroll            |     1 |     5 |     3 ||     9
       Potion            |       |     1 |     2 ||     3
 Stab: Sleeping          |     3 |     3 |       ||     6
  Eat: Chunk             |    10 |    13 |    15 ||    38
Armor: Robe              |    23 |    32 |    19 ||    74
Dodge: Dodged            |    20 |    70 |    31 ||   121
